 Dungeon Crawl Stone Soup version 0.18.1-48-g4cf74bf (webtiles) character file.

140 Melfield the Shooter (level 5, -1/41 HPs)
             Began as a Centaur Hunter on Aug 11, 2016.
             Slain by Sigmund
             ... wielding a +2 scythe of protection
              (3 damage)
             ... on level 4 of the Dungeon.
             The game lasted 00:10:51 (1796 turns).

Melfield the Shooter (Centaur Hunter)               Turns: 1796, Time: 00:10:52

Health: -1/41      AC:  8    Str: 14    XL:     5   Next: 2%
Magic:  5/5        EV:  9    Int: 10    God:
Gold:   101        SH:  0    Dex: 16    Spells: 0 memorised, 4 levels left

rFire  . . .     SeeInvis +     a - +1 shortbow
rCold  . . .     Gourm    .     h - +0 chain mail
rNeg   . . .     Faith    .     (shield currently unavailable)
rPois  .         Spirit   .     (no helmet)
rElec  .         Dismiss  .     g - +0 cloak
rCorr  .         Reflect  .     (no gloves)
SustAt .         Harm     .     (no barding)
MR     .....                    (no amulet)
Stlth  ..........               (no ring)
                                w - ring of see invisible

@: agile, very quick, not resistant to hostile enchantments, extremely
unstealthy
A: hooves 3, deformed body, speed 2, tough skin 3
a: no special abilities


You were on level 4 of the Dungeon.
You were not hungry.

You visited 2 branches of the dungeon, and saw 5 of its levels.

You collected 101 gold pieces.

Inventory:

Hand Weapons
 a - a +1 shortbow (weapon)
 b - a +0 short sword
 o - a +0 hand crossbow
Missiles
 d - 23 arrows (quivered)
Armour
 c - a +0 leather armour
 e - a +0 leather armour
 g - a +0 cloak (worn)
 h - a +0 chain mail (worn)
 r - a +0 pair of boots
Jewellery
 w - a ring of see invisible (left hand)
Scrolls
 n - a scroll of recharging {unknown}
 p - 2 scrolls of identify
 t - a scroll of remove curse
 u - a scroll of amnesia {unknown}
Potions
 i - a potion of curing {unknown}
 j - 2 potions of heal wounds {unknown}
 l - a potion of invisibility {unknown}
 m - a potion of lignification {unknown}
 q - a potion of might {unknown}
 s - a potion of flight {unknown}
 x - a potion of degeneration {unknown}
Comestibles
 f - 2 bread rations


   Skills:
 + Level 2.1 Fighting
 + Level 7.6 Bows
 + Level 0.9 Armour
 + Level 1.9 Dodging
 + Level 0.5 Stealth


You had 4 spell levels left.
You didn't know any spells.

Dungeon Overview and Level Annotations

Branches:
Dungeon (4/15)             Temple (1/1) D:4

Altars:
Ashenzari
Cheibriados
Elyvilon
Fedhas
Gozag
Kikubaaqudgha
Pakellas
Qazlal
Ru
Sif Muna
Vehumet
Yredelemnul
The Shining One

Annotations:
D:4 Sigmund


Innate Abilities, Weirdness & Mutations

You have hooves in place of feet.
Armour fits poorly on your strangely shaped body.
You cover ground very quickly.
You have extremely tough skin (AC +3).


Message History

The puff of flame hits you!
* * * LOW HITPOINT WARNING * * *
A magic dart appears from out of thin air!
The magic dart hits you!
* * * LOW HITPOINT WARNING * * *
A puff of flame appears from out of thin air!
The puff of flame hits you!
* * * LOW HITPOINT WARNING * * *
Sigmund casts a spell.
Sigmund flickers and vanishes!
None of your equipped items are cursed.
w - a ring of see invisible (left hand) It was a potion of agility.
You feel agile all of a sudden. Sigmund casts a spell at you.
You resist with some effort. Sigmund barely misses you.
Sigmund closely misses you.
Sigmund hits you from afar with a scythe of protection.
You die...

#. #......@...(.@.... .
#.###########..... .## #(#
..% ..# #.# ###### . #.#
#.# #....# #.# #.# #....#
#.# #(# #....#
#.#####.###.@..###
#..#.....##...@..#
#...♣...♣......#.# ##
#..........#.###.# #≈
#.♣...<...♣..# # +≈
##.........#...#.... ###
#≈
#####.♣...♣.####....#.##..
### ...........##
###....#.# #..
#####...#..# ...#.# ##.
#......# #.#.# ##.


You could see Sigmund (invisible).

Vanquished Creatures
  A hound (D:4)
  2 iguanas (D:4)
  An adder (D:4)
  2 oozes (D:3)
  2 dart slugs (D:1)
  A giant gecko (D:2)
  An orc (D:4)
  3 bats (D:1)
  2 giant cockroaches
  A goblin (D:1)
  5 hobgoblins
  6 jackals
  4 kobolds
  A giant newt (D:4)
  3 rats
35 creatures vanquished.

Notes
Turn   | Place    | Note
--------------------------------------------------------------
     0 | D:1      | Melfield the Centaur Hunter began the quest for the Orb.
     0 | D:1      | Reached XP level 1. HP: 17/17 MP: 1/1
   162 | D:1      | Reached XP level 2. HP: 24/24 MP: 2/2
   257 | D:1      | Reached skill level 6 in Bows
   616 | D:2      | Found a deep blue altar of Sif Muna.
   840 | D:3      | Reached XP level 3. HP: 29/29 MP: 3/3
  1198 | D:4      | Reached skill level 7 in Bows
  1198 | D:4      | Reached XP level 4. HP: 28/36 MP: 4/4
  1282 | D:4      | Found a staircase to the Ecumenical Temple.
  1328 | D:4      | Reached XP level 5. HP: 20/41 MP: 5/5
  1562 | Temple   | Entered the Ecumenical Temple
  1722 | D:4      | Noticed Sigmund
  1782 | D:4      | HP: 1/41 [something/puff of flame (3)]
  1796 | D:4      | Slain by Sigmund

Skill      XL: |  1  2  3 |
---------------+----------+-----
Bows           | 6 7 |  7.6
Fighting       | |  2.1
Armour         | |  0.9
Dodging        | |  1.9
Stealth        | |  0.5

Action                   |  1- 3 |  4- 6 || total
-------------------------+-------+-------++-------
Melee: Shortbow          |     3 |     1 ||     4
       Kick              |     1 |     1 ||     2
 Fire: Shortbow          |   105 |    25 ||   130
  Use: Scroll            |     1 |       ||     1
       Potion            |       |     1 ||     1
  Eat: Royal jelly       |       |     1 ||     1
Armor: Leather armour    |    25 |       ||    25
       Chain mail        |    29 |     4 ||    33
Dodge: Dodged            |    42 |     2 ||    44
